Workbook

Sheet 見積書
G2: 見積番号: | H2: EST-20260901
A3: 御 見 積 書 | G3: 発行日: | H3: 2026/09/01
A5: 東京都〇〇〇〇〇〇〇〇
A6: 株式会社サンプル商事 御中
A7: ご担当：サンプル事業部 制作課 〇〇様 | F7: 株式会社経営の羅針盤
F8: 登録番号: T1234567890123
A9: 件名：Webサイトリニューアル及び運用保守業務 | F9: 〒100-0000 東京都〇〇〇〇〇〇〇〇
F10: TEL: 000-000-0000
A11: 有効期限:発行より30日間 | F11: 担当：山田 太郎
A13: 合計金額 | C13: =H32 | D13: （税込）
A15: No. | B15: 品名・業務内容 | D15: 数量 | E15: 単位 | F15: 単価 | G15: 税率 | H15: 金額 (税抜)
A16: 1 | B16: UI/UXデザイン設計・ワイヤーフレーム作成 | D16: 1 | E16: 式 | F16: 50000 | G16: 0.1 | H16: =IF(OR(D16="",F16=""),"",D16*F16)
A17: 2 | B17: トップページ及び下層ページコーディング | D17: 1 | E17: 式 | F17: 70000 | G17: 0.1 | H17: =IF(OR(D17="",F17=""),"",D17*F17)
A18: 3 | B18: 月次サーバー・ドメイン初期設定代行 | D18: 1 | E18: 式 | F18: 20000 | G18: 0.1 | H18: =IF(OR(D18="",F18=""),"",D18*F18)
A19: 4 | G19: 0.1 | H19: =IF(OR(D19="",F19=""),"",D19*F19)
A20: 5 | G20: 0.1 | H20: =IF(OR(D20="",F20=""),"",D20*F20)
A21: 6 | G21: 0.1 | H21: =IF(OR(D21="",F21=""),"",D21*F21)
A22: 7 | G22: 0.1 | H22: =IF(OR(D22="",F22=""),"",D22*F22)
A23: 8 | G23: 0.1 | H23: =IF(OR(D23="",F23=""),"",D23*F23)
A24: 9 | G24: 0.1 | H24: =IF(OR(D24="",F24=""),"",D24*F24)
A25: 10 | G25: 0.1 | H25: =IF(OR(D25="",F25=""),"",D25*F25)
A27: 【備考・お取引条件】 | F27: 小計 (税抜) | H27: =SUM(H16:H25)
A28: ・納品月末締め、翌月末日銀行振込にてお願いいたします。 | F28: 10% 対象額 | H28: =SUMIFS(H16:H25,G16:G25,0.1)
A29: ・着手後の大幅な仕様追加・変更は別途お見積りとなります。 | F29: 10% 消費税額 | H29: =ROUNDDOWN(H28*0.1, 0)
A30: 【お振込口座】 | F30: 8% 対象額 | H30: =SUMIFS(H16:H25,G16:G25,0.08)
A31: 〇〇銀行 尾道支店 普通 1234567 | F31: 8% 消費税額 | H31: =ROUNDDOWN(H30*0.08, 0)
A32: 口座名義：株式会社経営の羅針盤 | F32: 合計金額 (税込) | H32: =H27+H29+H31

Sheet 請求書
G2: 請求番号: | H2: INV-20260930
A3: 請 求 書 | G3: 請求日: | H3: 2026/09/30
A5: =見積書!A5
A6: =見積書!A6
A7: =見積書!A7 | F7: =見積書!F7
F8: =見積書!F8
A9: =見積書!A9 | F9: =見積書!F9
F10: =見積書!F10
A11: お支払期日:2026/10/31 | F11: =見積書!F11
A13: 請求金額 | C13: =H32 | D13: （税込）
A15: 納品日 | B15: 品名・業務内容 | D15: 数量 | E15: 単位 | F15: 単価 | G15: 税率 | H15: 金額 (税抜)
A16: 2026/09/10 | B16: =IF(見積書!B16="","",見積書!B16) | D16: =IF(見積書!D16="","",見積書!D16) | E16: =IF(見積書!E16="","",見積書!E16) | F16: =IF(見積書!F16="","",見積書!F16) | G16: =IF(見積書!G16="","",見積書!G16) | H16: =IF(OR(D16="",F16=""),"",D16*F16)
A17: 2026/09/20 | B17: =IF(見積書!B17="","",見積書!B17) | D17: =IF(見積書!D17="","",見積書!D17) | E17: =IF(見積書!E17="","",見積書!E17) | F17: =IF(見積書!F17="","",見積書!F17) | G17: =IF(見積書!G17="","",見積書!G17) | H17: =IF(OR(D17="",F17=""),"",D17*F17)
A18: 2026/09/25 | B18: =IF(見積書!B18="","",見積書!B18) | D18: =IF(見積書!D18="","",見積書!D18) | E18: =IF(見積書!E18="","",見積書!E18) | F18: =IF(見積書!F18="","",見積書!F18) | G18: =IF(見積書!G18="","",見積書!G18) | H18: =IF(OR(D18="",F18=""),"",D18*F18)
B19: =IF(見積書!B19="","",見積書!B19) | D19: =IF(見積書!D19="","",見積書!D19) | E19: =IF(見積書!E19="","",見積書!E19) | F19: =IF(見積書!F19="","",見積書!F19) | G19: =IF(見積書!G19="","",見積書!G19) | H19: =IF(OR(D19="",F19=""),"",D19*F19)
B20: =IF(見積書!B20="","",見積書!B20) | D20: =IF(見積書!D20="","",見積書!D20) | E20: =IF(見積書!E20="","",見積書!E20) | F20: =IF(見積書!F20="","",見積書!F20) | G20: =IF(見積書!G20="","",見積書!G20) | H20: =IF(OR(D20="",F20=""),"",D20*F20)
B21: =IF(見積書!B21="","",見積書!B21) | D21: =IF(見積書!D21="","",見積書!D21) | E21: =IF(見積書!E21="","",見積書!E21) | F21: =IF(見積書!F21="","",見積書!F21) | G21: =IF(見積書!G21="","",見積書!G21) | H21: =IF(OR(D21="",F21=""),"",D21*F21)
B22: =IF(見積書!B22="","",見積書!B22) | D22: =IF(見積書!D22="","",見積書!D22) | E22: =IF(見積書!E22="","",見積書!E22) | F22: =IF(見積書!F22="","",見積書!F22) | G22: =IF(見積書!G22="","",見積書!G22) | H22: =IF(OR(D22="",F22=""),"",D22*F22)
B23: =IF(見積書!B23="","",見積書!B23) | D23: =IF(見積書!D23="","",見積書!D23) | E23: =IF(見積書!E23="","",見積書!E23) | F23: =IF(見積書!F23="","",見積書!F23) | G23: =IF(見積書!G23="","",見積書!G23) | H23: =IF(OR(D23="",F23=""),"",D23*F23)
B24: =IF(見積書!B24="","",見積書!B24) | D24: =IF(見積書!D24="","",見積書!D24) | E24: =IF(見積書!E24="","",見積書!E24) | F24: =IF(見積書!F24="","",見積書!F24) | G24: =IF(見積書!G24="","",見積書!G24) | H24: =IF(OR(D24="",F24=""),"",D24*F24)
B25: =IF(見積書!B25="","",見積書!B25) | D25: =IF(見積書!D25="","",見積書!D25) | E25: =IF(見積書!E25="","",見積書!E25) | F25: =IF(見積書!F25="","",見積書!F25) | G25: =IF(見積書!G25="","",見積書!G25) | H25: =IF(OR(D25="",F25=""),"",D25*F25)
A27: 【お振込に関するお願い】 | F27: 小計 (税抜) | H27: =SUM(H16:H25)
A28: ・恐れ入りますが振込手数料は貴社にてご負担願います。 | F28: 10% 対象額 | H28: =SUMIFS(H16:H25,G16:G25,0.1)
A29: ・お支払期日までにご指定の口座へお振込みをお願いいたします。 | F29: 10% 消費税額 | H29: =ROUNDDOWN(H28*0.1, 0)
A30: 【お振込口座】 | F30: 8% 対象額 | H30: =SUMIFS(H16:H25,G16:G25,0.08)
A31: 〇〇銀行 尾道支店 普通 1234567 | F31: 8% 消費税額 | H31: =ROUNDDOWN(H30*0.08, 0)
A32: 口座名義：株式会社経営の羅針盤 | F32: 合計金額 (税込) | H32: =H27+H29+H31

Sheet 納品書
G2: 納品番号: | H2: DEL-20260925
A3: 納 品 書 | G3: 納品日: | H3: 2026/09/25
A5: =見積書!A5
A6: =見積書!A6
A7: =見積書!A7 | F7: =見積書!F7
F8: =見積書!F8
A9: =見積書!A9 | F9: =見積書!F9
F10: =見積書!F10
A11: 納品場所:貴社指定サーバー | F11: =見積書!F11
A13: 納品金額 | C13: =H32 | D13: （税込）
A15: No. | B15: 品名・業務内容 | D15: 数量 | E15: 単位 | F15: 単価 | G15: 税率 | H15: 金額 (税抜)
A16: 1 | B16: =IF(見積書!B16="","",見積書!B16) | D16: =IF(見積書!D16="","",見積書!D16) | E16: =IF(見積書!E16="","",見積書!E16) | F16: =IF(見積書!F16="","",見積書!F16) | G16: =IF(見積書!G16="","",見積書!G16) | H16: =IF(OR(D16="",F16=""),"",D16*F16)
A17: 2 | B17: =IF(見積書!B17="","",見積書!B17) | D17: =IF(見積書!D17="","",見積書!D17) | E17: =IF(見積書!E17="","",見積書!E17) | F17: =IF(見積書!F17="","",見積書!F17) | G17: =IF(見積書!G17="","",見積書!G17) | H17: =IF(OR(D17="",F17=""),"",D17*F17)
A18: 3 | B18: =IF(見積書!B18="","",見積書!B18) | D18: =IF(見積書!D18="","",見積書!D18) | E18: =IF(見積書!E18="","",見積書!E18) | F18: =IF(見積書!F18="","",見積書!F18) | G18: =IF(見積書!G18="","",見積書!G18) | H18: =IF(OR(D18="",F18=""),"",D18*F18)
A19: 4 | B19: =IF(見積書!B19="","",見積書!B19) | D19: =IF(見積書!D19="","",見積書!D19) | E19: =IF(見積書!E19="","",見積書!E19) | F19: =IF(見積書!F19="","",見積書!F19) | G19: =IF(見積書!G19="","",見積書!G19) | H19: =IF(OR(D19="",F19=""),"",D19*F19)
A20: 5 | B20: =IF(見積書!B20="","",見積書!B20) | D20: =IF(見積書!D20="","",見積書!D20) | E20: =IF(見積書!E20="","",見積書!E20) | F20: =IF(見積書!F20="","",見積書!F20) | G20: =IF(見積書!G20="","",見積書!G20) | H20: =IF(OR(D20="",F20=""),"",D20*F20)
A21: 6 | B21: =IF(見積書!B21="","",見積書!B21) | D21: =IF(見積書!D21="","",見積書!D21) | E21: =IF(見積書!E21="","",見積書!E21) | F21: =IF(見積書!F21="","",見積書!F21) | G21: =IF(見積書!G21="","",見積書!G21) | H21: =IF(OR(D21="",F21=""),"",D21*F21)
A22: 7 | B22: =IF(見積書!B22="","",見積書!B22) | D22: =IF(見積書!D22="","",見積書!D22) | E22: =IF(見積書!E22="","",見積書!E22) | F22: =IF(見積書!F22="","",見積書!F22) | G22: =IF(見積書!G22="","",見積書!G22) | H22: =IF(OR(D22="",F22=""),"",D22*F22)
A23: 8 | B23: =IF(見積書!B23="","",見積書!B23) | D23: =IF(見積書!D23="","",見積書!D23) | E23: =IF(見積書!E23="","",見積書!E23) | F23: =IF(見積書!F23="","",見積書!F23) | G23: =IF(見積書!G23="","",見積書!G23) | H23: =IF(OR(D23="",F23=""),"",D23*F23)
A24: 9 | B24: =IF(見積書!B24="","",見積書!B24) | D24: =IF(見積書!D24="","",見積書!D24) | E24: =IF(見積書!E24="","",見積書!E24) | F24: =IF(見積書!F24="","",見積書!F24) | G24: =IF(見積書!G24="","",見積書!G24) | H24: =IF(OR(D24="",F24=""),"",D24*F24)
A25: 10 | B25: =IF(見積書!B25="","",見積書!B25) | D25: =IF(見積書!D25="","",見積書!D25) | E25: =IF(見積書!E25="","",見積書!E25) | F25: =IF(見積書!F25="","",見積書!F25) | G25: =IF(見積書!G25="","",見積書!G25) | H25: =IF(OR(D25="",F25=""),"",D25*F25)
A27: 【納品検収について】 | F27: 小計 (税抜) | H27: =SUM(H16:H25)
A28: ・上記記載の成果物を本日納品いたしました。 | F28: 10% 対象額 | H28: =SUMIFS(H16:H25,G16:G25,0.1)
A29: ・内容をご確認の上、右記検収欄へご捺印の程お願いいたします。 | D29: 【 検収・受領印 】 印 | F29: 10% 消費税額 | H29: =ROUNDDOWN(H28*0.1, 0)
F30: 8% 対象額 | H30: =SUMIFS(H16:H25,G16:G25,0.08)
F31: 8% 消費税額 | H31: =ROUNDDOWN(H30*0.08, 0)
F32: 合計金額 (税込) | H32: =H27+H29+H31

Sheet 領収書
G2: 領収番号: | H2: REC-20261005
A3: 領 収 書 | G3: 領収日: | H3: 2026/10/05
A5: =見積書!A5
A6: =見積書!A6
A7: =見積書!A7 | F7: =見積書!F7
F8: =見積書!F8
A9: =見積書!A9 | F9: =見積書!F9
F10: =見積書!F10
A11: 決済手段:銀行振込 | F11: =見積書!F11
A13: 領収金額 | C13: =H32 | D13: （税込）
A15: No. | B15: 品名・業務内容 | D15: 数量 | E15: 単位 | F15: 単価 | G15: 税率 | H15: 金額 (税抜)
A16: 1 | B16: =IF(見積書!B16="","",見積書!B16) | D16: =IF(見積書!D16="","",見積書!D16) | E16: =IF(見積書!E16="","",見積書!E16) | F16: =IF(見積書!F16="","",見積書!F16) | G16: =IF(見積書!G16="","",見積書!G16) | H16: =IF(OR(D16="",F16=""),"",D16*F16)
A17: 2 | B17: =IF(見積書!B17="","",見積書!B17) | D17: =IF(見積書!D17="","",見積書!D17) | E17: =IF(見積書!E17="","",見積書!E17) | F17: =IF(見積書!F17="","",見積書!F17) | G17: =IF(見積書!G17="","",見積書!G17) | H17: =IF(OR(D17="",F17=""),"",D17*F17)
A18: 3 | B18: =IF(見積書!B18="","",見積書!B18) | D18: =IF(見積書!D18="","",見積書!D18) | E18: =IF(見積書!E18="","",見積書!E18) | F18: =IF(見積書!F18="","",見積書!F18) | G18: =IF(見積書!G18="","",見積書!G18) | H18: =IF(OR(D18="",F18=""),"",D18*F18)
A19: 4 | B19: =IF(見積書!B19="","",見積書!B19) | D19: =IF(見積書!D19="","",見積書!D19) | E19: =IF(見積書!E19="","",見積書!E19) | F19: =IF(見積書!F19="","",見積書!F19) | G19: =IF(見積書!G19="","",見積書!G19) | H19: =IF(OR(D19="",F19=""),"",D19*F19)
A20: 5 | B20: =IF(見積書!B20="","",見積書!B20) | D20: =IF(見積書!D20="","",見積書!D20) | E20: =IF(見積書!E20="","",見積書!E20) | F20: =IF(見積書!F20="","",見積書!F20) | G20: =IF(見積書!G20="","",見積書!G20) | H20: =IF(OR(D20="",F20=""),"",D20*F20)
A21: 6 | B21: =IF(見積書!B21="","",見積書!B21) | D21: =IF(見積書!D21="","",見積書!D21) | E21: =IF(見積書!E21="","",見積書!E21) | F21: =IF(見積書!F21="","",見積書!F21) | G21: =IF(見積書!G21="","",見積書!G21) | H21: =IF(OR(D21="",F21=""),"",D21*F21)
A22: 7 | B22: =IF(見積書!B22="","",見積書!B22) | D22: =IF(見積書!D22="","",見積書!D22) | E22: =IF(見積書!E22="","",見積書!E22) | F22: =IF(見積書!F22="","",見積書!F22) | G22: =IF(見積書!G22="","",見積書!G22) | H22: =IF(OR(D22="",F22=""),"",D22*F22)
A23: 8 | B23: =IF(見積書!B23="","",見積書!B23) | D23: =IF(見積書!D23="","",見積書!D23) | E23: =IF(見積書!E23="","",見積書!E23) | F23: =IF(見積書!F23="","",見積書!F23) | G23: =IF(見積書!G23="","",見積書!G23) | H23: =IF(OR(D23="",F23=""),"",D23*F23)
A24: 9 | B24: =IF(見積書!B24="","",見積書!B24) | D24: =IF(見積書!D24="","",見積書!D24) | E24: =IF(見積書!E24="","",見積書!E24) | F24: =IF(見積書!F24="","",見積書!F24) | G24: =IF(見積書!G24="","",見積書!G24) | H24: =IF(OR(D24="",F24=""),"",D24*F24)
A25: 10 | B25: =IF(見積書!B25="","",見積書!B25) | D25: =IF(見積書!D25="","",見積書!D25) | E25: =IF(見積書!E25="","",見積書!E25) | F25: =IF(見積書!F25="","",見積書!F25) | G25: =IF(見積書!G25="","",見積書!G25) | H25: =IF(OR(D25="",F25=""),"",D25*F25)
A27: 【領収但し書き】 | F27: 小計 (税抜) | H27: =SUM(H16:H25)
A28: 件名記載の代金として上記正に領収いたしました。 | F28: 10% 対象額 | H28: =SUMIFS(H16:H25,G16:G25,0.1)
A29: 【印紙税に関する注記】 | F29: 10% 消費税額 | H29: =ROUNDDOWN(H28*0.1, 0)
A30: 本領収書は電子データで発行されたため印紙の貼付は不要です。 | F30: 8% 対象額 | H30: =SUMIFS(H16:H25,G16:G25,0.08)
A31: 発行元：株式会社経営の羅針盤（適格請求書発行事業者） | F31: 8% 消費税額 | H31: =ROUNDDOWN(H30*0.08, 0)
F32: 合計金額 (税込) | H32: =H27+H29+H31
